 Dungeon Crawl Stone Soup version 0.31-a0-233-g139696dc86 (webtiles) character file.

Game seed: 17826738809325918385

121 qw the Shooter (level 5, -5/30 HPs)
             Began as a Gargoyle Hexslinger on July 8, 2023.
             Slain by an iguana (6 damage)
             ... on level 4 of the Dungeon.
             The game lasted 00:01:05 (2573 turns).

qw the Shooter (Gargoyle Hexslinger)                Turns: 2573, Time: 00:01:05

Health: -5/30      AC: 11    Str: 12    XL:     5   Next: 5%
Magic:  0/6        EV: 10    Int: 13    God:
Gold:   149        SH:  0    Dex: 14    Spells: 5/6 levels left

rFire   + . .        Y - +1 sling
rCold   + . .        (no shield)
rNeg    + . .        d - +0 ring mail
rPois   inf          g - +2 hat
rElec   +            j - scarf {rC+ rF+}
rCorr   .            (no gloves)
SInv    .            (no boots)
Will    .....        f - amulet of guardian spirit
Stlth   +            (no ring)
HPRegen 0.25/turn    (no ring)
MPRegen 0.10/turn

%: guardian spirit
@: no status effects
A: sickness immunity, AC +4, negative energy resistance 1, electricity
resistance, torment resistance 1, petrification resistance
a: no special abilities


You were on level 4 of the Dungeon.
You visited 1 branch of the dungeon, and saw 4 of its levels.

You collected 149 gold pieces.


Innate Abilities, Weirdness & Mutations

You are immune to sickness and miasma.
Your stone body is resilient. (AC +4)
You are immune to poison.
You resist negative energy. (rN+)
You are resistant to electric shocks. (rElec)
You are resistant to unholy torment.
You are immune to petrification.


   Skills:
 - Level 2.0 Fighting
 - Level 4.6 Ranged Weapons
 + Level 0.7 Armour
 - Level 1.5 Dodging
 - Level 1.0 Spellcasting
 - Level 2.6 Hexes


You had 5 spell levels left.
You knew the following spells:

 Your Spells              Type           Power      Damage    Failure   Level
a - Slow                  Hex            28%        N/A       22%         1

Your spell library contained the following spells:

 Spells                   Type           Power      Damage    Failure   Level
 Inner Flame              Hex/Fire       4%         N/A       73%         3
 Portal Projectile        Hex/Tloc       8%         N/A       73%         3
 Cause Fear               Hex            3%         N/A       91%         4

Inventory:

Hand Weapons
 Y - a +1 sling (weapon)
Armour
 d - a +0 ring mail (worn)
 g - a +2 hat (worn)
 j - a scarf of resistance (worn)
Jewellery
 f - an amulet of guardian spirit (around neck)
Wands
 k - a wand of digging (6)
Scrolls
 b - a scroll of vulnerability {unknown}
 e - 3 scrolls of identify
Potions
 h - a potion of curing
 i - a potion of enlightenment

Dungeon Overview and Level Annotations

Branches:
Dungeon (4/15)
 Temple: D:4-7

Altars:
Dithmenos
Wu Jian

Annotations:
D:3 1 runed translucent door, Crazy Yiuf
D:4 Edmund


Message History

Edmund hits you but does no damage.
You shoot a sling bullet. The sling bullet barely misses Edmund.
The quokka bites you but does no damage.
Edmund hits you with a +2 flail of protection.
The quokka bites you.
You shoot a sling bullet.
The sling bullet hits Edmund but does no damage.
Edmund is moderately wounded.
Edmund hits you but does no damage. The quokka closely misses you.
You shoot a sling bullet. The sling bullet barely misses Edmund.
The quokka barely misses you.
Edmund hits you with a +2 flail of protection.
The quokka bites you but does no damage.
Edmund says, "I might not be good at magic, but I can still kill you!"
Edmund barely misses you.
2568 ||| READING scroll of teleportation.
As you read the scroll of teleportation, it crumbles to dust.
You feel strangely unstable. The quokka barely misses you.
Edmund hits you with a +2 flail of protection.
You shoot a sling bullet. The sling bullet barely misses Edmund.
The quokka bites you but does no damage.
Edmund hits you with a +2 flail of protection.
The quokka bites you but does no damage.
You shoot a sling bullet.
The sling bullet hits Edmund but does no damage.
Edmund is moderately wounded.
Your surroundings suddenly seem different.
An iguana comes into view.
Found 5 atropa-tipped darts.
Found a stone staircase leading down.
The iguana hisses angrily.
You shoot a sling bullet.
The sling bullet completely misses the iguana.
You shoot a sling bullet. The sling bullet hits the iguana.
The iguana is lightly wounded.
The iguana bites you. The iguana barely misses you.
You shoot a sling bullet. The sling bullet hits the iguana.
The iguana is lightly wounded.
The iguana bites you!
You die...

###.#..##.# #.
#.#.....# #.
#.#..#... ..
#.#....#.
#.#########........
#........##......##
######......#
#.......
..>.(..l....#
#.#..####
.......@..# #..##.#
..........# #. #.
.........##
.###+####. .. ###
... ... ... ###
....


You could see an iguana.

Vanquished Creatures
  Ijyb (D:3)
  4 adders
  2 worms
  2 dart slugs (D:1)
  2 orcs (D:3)
  8 endoplasms
  A giant cockroach (D:2)
  5 goblins
  A hobgoblin (D:1)
  3 kobolds
  4 quokkas
  3 ball pythons
  5 bats
  3 frilled lizards
  6 rats
50 creatures vanquished.

Notes
Turn   | Place    | Note
-------+----------+-------------------------------------------
     0 | D:1      | qw the Gargoyle Hexslinger began the quest for the Orb.
     0 | D:1      | Reached XP level 1. HP: 12/12 MP: 2/2
     0 | D:1      | 0 ||| qw: Version: 0.3-a-46-gb1f654a
     0 | D:1      | 0 ||| qw: Game counter: 3668
     0 | D:1      | 0 ||| qw: Melee chars always use a shield: true
     0 | D:1      | 0 ||| qw: God list: Okawaru
     0 | D:1      | 0 ||| qw: Allow faded altars: false
     0 | D:1      | 0 ||| qw: Do Orc after clearing Dungeon:15 true
     0 | D:1      | 0 ||| qw: Do second Lair branch before Depths: true
     0 | D:1      | 0 ||| qw: Lair rune preference: random
     0 | D:1      | 0 ||| qw: Goals: Normal
     0 | D:1      | 0 ||| PLANNING D:1-11
    91 | D:1      | 91 ||| FLEEEEING.
    92 | D:1      | 92 ||| FLEEEEING.
    98 | D:1      | 98 ||| FLEEEEING.
   152 | D:1      | Reached XP level 2. HP: 16/16 MP: 3/3
   321 | D:1      | Reached skill level 3 in Ranged Weapons
   646 | D:1      | Reached XP level 3. HP: 21/21 MP: 4/4
   879 | D:1      | 879 ||| UPGRADING to scarf of resistance.
   884 | D:1      | 884 ||| READING scroll labelled WAERHI ZYSCH.
   889 | D:1      | 889 ||| READING 4 scrolls labelled XEIMIO BEGUDUOCS.
   890 | D:1      | 890 ||| READING scroll labelled GOUMAT RYSHRI.
   891 | D:1      | 891 ||| READING 3 scrolls of identify.
   891 | D:1      | 891 ||| IDENTIFYING fuming red potion
   892 | D:1      | 892 ||| READING 2 scrolls of identify.
   892 | D:1      | 892 ||| IDENTIFYING smoky dark potion
   893 | D:1      | 893 ||| DROPPING scroll of poison.
   894 | D:1      | 894 ||| DROPPING potion of brilliance.
  1392 | D:2      | 1392 ||| UPGRADING to +2 hat.
  1397 | D:2      | 1397 ||| UPGRADING to amulet of guardian spirit.
  1402 | D:2      | 1402 ||| READING scroll labelled EXUEZ OCKIOSIC.
  1403 | D:2      | 1403 ||| READING 2 scrolls labelled YLIOZOC GERUOT.
  1404 | D:2      | 1404 ||| READING 4 scrolls of identify.
  1404 | D:2      | 1404 ||| IDENTIFYING red potion
  1405 | D:2      | 1405 ||| DROPPING scroll of blinking.
  1425 | D:3      | Reached XP level 4. HP: 26/26 MP: 5/5
  1526 | D:3      | Reached skill level 4 in Ranged Weapons
  1722 | D:3      | Noticed Ijyb
  1765 | D:3      | HP: 6/26 [Ijyb/+0 club (1)]
  1766 | D:3      | 1766 ||| READING 2 scrolls of teleportation.
  1769 | D:3      | Found a shadowy altar of Dithmenos.
  1960 | D:3      | Killed Ijyb
  2125 | D:3      | Found an ornate altar of the Wu Jian Council.
  2415 | D:3      | Found a runed translucent door.
  2416 | D:3      | Noticed Crazy Yiuf
  2419 | D:3      | 2419 ||| UPGRADING to +0 leather armour.
  2429 | D:3      | 2429 ||| DROPPING +0 robe.
  2430 | D:3      | 2430 ||| UPGRADING to +0 ring mail.
  2440 | D:3      | 2440 ||| DROPPING +0 leather armour.
  2441 | D:3      | 2441 ||| READING 4 scrolls of identify.
  2441 | D:3      | 2441 ||| IDENTIFYING amethyst potion
  2442 | D:3      | 2442 ||| DROPPING potion of attraction.
  2490 | D:4      | 2490 ||| PLANNING OSSUARY
  2507 | D:4      | Reached XP level 5. HP: 29/30 MP: 6/6
  2551 | D:4      | Noticed Edmund
  2567 | D:4      | HP: 5/30 [Edmund/+2 flail of protection (3)]
  2568 | D:4      | 2568 ||| READING scroll of teleportation.
  2569 | D:4      | HP: 1/30 [Edmund/+2 flail of protection (4)]
  2573 | D:4      | Slain by an iguana

Levels and vault maps discovered:
D:1:      kilobyte_arrival_exit_the_forest, layout_basic
D:2:      layout_rooms, nicolae_concentric_dashed_squares_wild
D:3:      layout_basic, mainiacjoe_overflow_chevrons,
          nicolae_wu_jian_wuxing_cycle, nicolae_hexahallways, uniq_ijyb,
          uniq_crazy_yiuf_cottage
D:4:      layout_basic, nicolae_ossuary_entry_catacombs,
          kennysheep_generic_room_14, uniq_grinder, uniq_edmund

Skill      XL: |  1  2  3  4 |
---------------+-------------+-----
Ranged Weapons | 3 4 |  4.6
Fighting       | 2 |  2.0
Armour         | |  0.7
Dodging        | |  1.5
Spellcasting   | |  1.0
Hexes          | |  2.6

Action                     |  1- 3 |  4- 6 || total
---------------------------+-------+-------++-------
   Fire: Sling             |   117 |   149 ||   266
    Use: Scroll            |     8 |     3 ||    11
 Armour: Robe              |    22 |    16 ||    38
         Ring mail         |       |    15 ||    15
  Dodge: Dodged            |    37 |    59 ||    96

Table legend:
 A = Non-vault XP
 B = Vault XP
 C = Vault XP percentage of total XP
 D = Non-vault monster count
 E = Vault monster count
 F = Vault count percentage of total count
                 A         B        C        D         E       F
            +---------+---------+-------+---------+---------+-------
      Total |     137 |      36 |  20.8 |      49 |       1 |   2.0
            +---------+---------+-------+---------+---------+-------
        D:1 |      34 |       0 |   0.0 |      17 |       0 |   0.0
        D:2 |      47 |       0 |   0.0 |      15 |       0 |   0.0
        D:3 |      43 |      36 |  45.6 |      16 |       1 |   5.9
        D:4 |      13 |       0 |   0.0 |       1 |       0 |   0.0
            +---------+---------+-------+---------+---------+-------
